 Dungeon Crawl Stone Soup version 0.31-a0-44-g49d609d0da (webtiles) character file.

Game seed: 691922514712809733

499 senseless the Covered (level 7, -5/56 HPs)
             Began as a Barachi Fighter on May 20, 2023.
             Was a Priest of Qazlal.
             Slain by Duvessa
             ... wielding a +0 short sword
              (7 damage)
             ... on level 4 of the Dungeon.
             The game lasted 00:08:50 (3097 turns).

senseless the Covered (Barachi Fighter)             Turns: 3097, Time: 00:08:51

Health: -5/56      AC: 13    Str: 17    XL:     7   Next: 16%
Magic:  7/7        EV:  7    Int:  8    God:    Qazlal [***...]
Gold:   106        SH:  9    Dex: 14    Spells: 6/6 levels left

rFire   . . .        r - +2 short sword (speed)
rCold   . . .        c - +0 buckler
rNeg    . . .        l - +0 chain mail
rPois   .            (no helmet)
rElec   .            (no cloak)
rCorr   .            u - +2 pair of gloves
SInv    .            (no boots)
Will    .....        (no amulet) Stlth
                     (no ring)
HPRegen 0.29/turn    (no ring)
MPRegen 0.10/turn

%: no passive effects
@: brilliant, slow
A: amphibious, slowness 1, strong legs 1, +LOS
a: Hop, Renounce Religion, Upheaval, Elemental Force


You were on level 4 of the Dungeon.
You worshipped Qazlal.
Qazlal was most pleased with you.
You visited 1 branch of the dungeon, and saw 4 of its levels.

You collected 106 gold pieces.

Inventory:

Hand Weapons
 a - a +0 long sword
 r - a +2 short sword of speed (weapon)
Missiles
 j - 9 poisoned darts
Armour
 c - a +0 buckler (worn)
 l - a +0 chain mail (worn)
 u - a +2 pair of gloves (worn)
Wands
 k - a wand of acid (1)
 t - a wand of flame (13)
Scrolls
 g - a scroll of fear {unknown}
 h - 3 scrolls of identify {unknown}
 n - 2 scrolls of amnesia {unknown}
 p - 3 scrolls of teleportation {unknown}
Potions
 b - a potion of berserk rage {unknown}
 d - a potion of might
 e - a potion of heal wounds {unknown}
 f - 2 potions of mutation {unknown}
 i - 2 potions of brilliance
 m - a potion of invisibility {unknown}
 o - 2 potions of curing {unknown}
 q - a potion of attraction {unknown}
 s - 2 potions of flight {unknown}


   Skills:
 + Level 5.6 Fighting
 + Level 4.9 Long Blades
 + Level 5.7 Armour
 + Level 5.2 Shields


You had 6 spell levels left.
You didn't know any spells.
Your spell library contained the following spells:

 Spells                   Type           Power      Damage    Failure   Level
 Magic Dart               Conj           0%         1d3       99%         1
 Summon Small Mammal      Summ           0%         N/A       99%         1
 Call Imp                 Summ           0%         N/A       100%        2
 Ensorcelled Hibernation  Hex/Ice        0%         N/A       100%        2
 Passwall                 Tmut/Erth      0%         N/A       100%        2
 Call Canine Familiar     Summ           0%         N/A       100%        3
 Mephitic Cloud           Conj/Pois/Air  0%         N/A       100%        3
 Summon Guardian Golem    Hex/Summ       0%         N/A       100%        3
 Swiftness                Air            0%         N/A       100%        3


Dungeon Overview and Level Annotations

Branches:
Dungeon (4/15)
 Temple: D:4-7

Altars:
Qazlal

Annotations:
D:4 Duvessa


Innate Abilities, Weirdness & Mutations

You are amphibious.
You cover ground slowly.
You can hop short distances.
You have an extended range of vision and can be seen from far away.


Message History

Aim: Edmund, wielding a +0 heavy dire flail and wearing a +0 scale mail (almost dead, 75% to hit)
The bolt of acid hits Edmund.
You kill Edmund!
Qazlal accepts your kill.
Your Shields skill increases to level 5!
You have reached level 7!
Duvessa, Sister of Dowan comes into view.
She is wielding a +0 short sword.
Things that are here:
a +0 heavy dire flail; a +0 scale mail
Aiming: Corrosive Bolt
Press: ? - help, Shift-Dir - straight line, f - Duvessa
Aim: Duvessa, wielding a +0 short sword and wearing a +0 chain mail (83% to hit)
The bolt of acid hits Duvessa!
The acid corrodes Duvessa!
Duvessa is moderately wounded.
Duvessa goes berserk!
Aiming: Corrosive Bolt
Press: ? - help, Shift-Dir - straight line, f/p - Duvessa
Aim: Duvessa, wielding a +0 short sword and wearing a +0 chain mail (moderately wounded, berserk, covered in acid, 83% to hit)
The bolt of acid hits Duvessa!
Duvessa is heavily wounded.
Duvessa hits you with a +0 short sword! x2
* * * LOW HITPOINT WARNING * * *
You hit Duvessa.
Duvessa is heavily wounded.
Duvessa hits you with a +0 short sword.
* * * LOW HITPOINT WARNING * * *
You barely miss Duvessa.
Duvessa is heavily wounded.
A goblin comes into view. It is wielding a +0 dagger.
You hit Duvessa.
Duvessa is heavily wounded.
Duvessa hits you with a +0 short sword!
* * * LOW HITPOINT WARNING * * *
Duvessa attacks as you move away! Duvessa hits you with a +0 short sword.
* * * LOW HITPOINT WARNING * * *
You block Duvessa's attack.
It was a potion of brilliance.
You feel clever all of a sudden. Duvessa hits you with a +0 short sword!
You die...

############################
..†.........................
...#......#########.#####.##
##.#..#.#.# #...@eg†....#
<.#..#...# #.#####.#...#
#..#..##### ..#.###
####....# ### # ####.##.#
.....# ... .##### #.. .# ..#
.# ##


You could see Duvessa (berserk, corroded) and a goblin.

Vanquished Creatures
  Edmund (D:4)
  Dowan (D:4)
  An orc priest (D:3)
  Jessica (D:3)
  Natasha (D:2)
  Terence (D:2)
  4 adders
  11 gnolls
  3 worms (D:2)
  3 dart slugs
  4 orcs (D:3)
  4 ball pythons
  7 bats
  10 endoplasms
  7 giant cockroaches
  4 hobgoblins
  7 kobolds
  3 quokkas (D:3)
  3 frilled lizards
  3 goblins
  5 rats
84 creatures vanquished.

Notes
Turn   | Place    | Note
-------+----------+-------------------------------------------
     0 | D:1      | senseless the Barachi Fighter began the quest for the Orb.
     0 | D:1      | Reached XP level 1. HP: 18/18 MP: 1/1
    49 | D:1      | Found a faded altar of an unknown god.
    56 | D:1      | Prayed at the altar of an unknown god.
    56 | D:1      | Became a worshipper of Qazlal Stormbringer
    56 | D:1      | Reached * piety under Qazlal
   343 | D:1      | Reached XP level 2. HP: 25/25 MP: 2/2
   988 | D:2      | Noticed Terence
  1002 | D:2      | Killed Terence
  1003 | D:2      | Reached XP level 3. HP: 10/30 MP: 3/3
  1254 | D:2      | Reached ** piety under Qazlal
  1273 | D:2      | Reached XP level 4. HP: 37/37 MP: 4/4
  1298 | D:2      | Noticed Natasha
  1304 | D:2      | Killed Natasha
  1449 | D:2      | Reached XP level 5. HP: 21/43 MP: 5/5
  2283 | D:3      | Reached skill level 5 in Armour
  2283 | D:3      | Reached XP level 6. HP: 20/50 MP: 6/6
  2461 | D:3      | Reached skill level 5 in Fighting
  2471 | D:3      | Noticed Jessica
  2476 | D:3      | Killed Jessica
  2725 | D:3      | Reached *** piety under Qazlal
  3072 | D:4      | Noticed Edmund
  3085 | D:4      | Noticed Dowan
  3088 | D:4      | Killed Dowan
  3089 | D:4      | Killed Edmund
  3090 | D:4      | Reached skill level 5 in Shields
  3090 | D:4      | Reached XP level 7. HP: 38/56 MP: 7/7
  3090 | D:4      | Noticed Duvessa
  3096 | D:4      | HP: 2/56 [Duvessa/+0 short sword (3)]
  3097 | D:4      | Slain by Duvessa

Illustrated notes

Levels and vault maps discovered:
D:1:      psy_arrival_terrarium, layout_loops_ring, basic_ecumenical_altar,
          dreamdust_princess_bridge
D:2:      layout_basic, minmay_worlds_worst_comb, uniq_terence, uniq_natasha
D:3:      layout_basic, uniq_jessica
D:4:      layout_basic, mainiacjoe_overflow_alcove_1, uniq_duvessa, uniq_edmund,
          uniq_grinder

Skill      XL: |  1  2  3  4  5  6 |
---------------+-------------------+-----
Fighting       | 4 5 |  5.6
Long Blades    | 3 4 |  4.9
Armour         | 4 5 |  5.7
Shields        | 4 5 |  5.2

Action                     |  1- 3 |  4- 6 |  7- 9 || total
---------------------------+-------+-------+-------++-------
  Melee: Long sword        |    95 |   138 |       ||   233
         Short sword       |       |    65 |     3 ||    68
  Throw: Dart              |     5 |       |       ||     5
Ability: Hop               |     1 |       |       ||     1
  Evoke: Wand              |       |     5 |     2 ||     7
    Use: Potion            |       |       |     1 ||     1
 Armour: Scale mail        |    21 |       |       ||    21
         Chain mail        |    14 |    85 |       ||    99
  Dodge: Dodged            |    45 |    64 |       ||   109
  Block: Buckler           |    28 |    68 |     1 ||    97

Table legend: (Time is in decaauts)
 A = Elapsed time spent in this place.
 B = Non-inter-level travel time spent in this place.
 C = Inter-level travel time spent in this place.
 D = Time resting spent in this place.
 E = Time spent auto-exploring this place.
 F = Levels seen in this place.
 G = Mean time per level.
                   A        B        C        D        E       F      G
               +--------+--------+--------+--------+--------+-----+--------+
         Total |   3536 |   3179 |    357 |      0 |   2507 |   4 |  884.0 |
       Dungeon |   3536 |   3179 |    357 |      0 |   2507 |   4 |  884.0 |
               +--------+--------+--------+--------+--------+-----+--------+

Top non-repeatable levels by time:
     D:2: 1467 daAuts
     D:3: 1005 daAuts
     D:1: 992 daAuts
     D:4: 70 daAuts
